Map: 紫晶浪漫-天梯版

Players

JieShi

  • Race: Protoss Protoss
  • League: Master

iGCoffeeMs (Coffee) - Winner!

  • Race: Terran Terran
  • League: Master

Event: DreamHack SC2 Masters 2021 Summer

VOD

Have the link to the VOD?

Description

Time

  • Played on: May 27, 2021, 7:25 a.m.
  • Length: 8:46

All games in this series

Show
View Real Time Build Order
Export as new Build Order

JieShi Protoss 

Build Orders: 1 Gate Expand, Blink Stalkers 

Get SALT Encoding   

  12  0:00  Probe  
  13  0:12  Probe  
  14  0:17  Pylon  
  14  0:24  Probe (Chrono Boost)  
  15  0:37  Probe (Chrono Boost)  
  15  0:38  Gateway  
  16  0:44  Probe (Chrono Boost)  
  17  0:51  Probe  
  17  0:52  Assimilator  
  18  1:03  Probe  
  19  1:15  Probe  
  20  1:25  Cybernetics Core  
  20  1:32  Nexus  
  20  1:35  Probe  
  21  1:42  Pylon  
  21  1:47  Probe  
  21  1:49  Assimilator  
  22  1:58  Adept (Chrono Boost)  
  22  1:59  Probe  
  25  2:02  Warp Gate  
  25  2:11  Probe  
  26  2:22  Twilight Council  
  26  2:23  Probe  
  26  2:25  Stalker (Chrono Boost)  
  30  2:37  Probe (Chrono Boost)  
  30  2:45  Probe (Chrono Boost)  
  32  2:53  Probe (Chrono Boost), Blink (Chrono Boost)  
  32  2:54  Probe (Chrono Boost)  
  33  2:59  Probe (Chrono Boost)  
  33  3:00  Probe  
  33  3:02  Gateway  
  35  3:11  Probe  
  35  3:12  Probe  
  37  3:15  Robotics Facility  
  37  3:23  Probe  
  37  3:24  Probe  
  39  3:35  Probe  
  39  3:36  Probe  
  41  3:41  Pylon  
  41  3:47  Probe  
  42  3:51  Stalker  
  42  3:53  Nexus  
  42  3:55  Pylon  
  45  3:58  Stalker  
  45  4:02  Gateway  
  46  4:04  Observer  
  46  4:06  Probe  
  46  4:07  Probe  
  49  4:13  Pylon  
  45  4:19  Probe  
  41  4:31  Probe x2, Stalker x2  
  45  4:34  Assimilator  
  47  4:39  Pylon  
  47  4:41  Observer  
  47  4:43  Probe  
  47  4:44  Probe  
  50  4:50  Pylon  
  50  4:56  Probe (Chrono Boost)  
  50  4:58  Probe (Chrono Boost)  
  46  5:07  Forge  
  47  5:08  Probe (Chrono Boost)  
  47  5:09  Probe (Chrono Boost)  
  47  5:10  Probe (Chrono Boost)  
  47  5:11  Charge  
  49  5:16  Probe x2 (Chrono Boost)  
  49  5:17  Probe (Chrono Boost)  
  52  5:21  Probe (Chrono Boost)  
  52  5:22  Probe  
  52  5:24  Probe  
  52  5:26  Observer  
  52  5:27  Robotics Bay  
  55  5:33  Probe  
  55  5:34  Probe  
  57  5:36  Probe  
  57  5:37  Pylon  
  57  5:38  Protoss Ground Weapons Level 1  
  58  5:45  Probe  
  58  5:48  Probe  
  59  5:54  Probe  
  60  5:57  Probe  
  60  6:00  Gateway x2  
  60  6:01  Probe  
  62  6:05  Sentry x2  
  62  6:06  Probe  
  62  6:09  Assimilator  
  62  6:10  Probe  
  68  6:15  Probe (Chrono Boost)  
  68  6:17  Colossus (Chrono Boost)  
  69  6:20  Probe (Chrono Boost)  
  76  6:26  Probe (Chrono Boost)  
  76  6:29  Shield Battery  
  77  6:34  Gateway x2  
  77  6:35  Probe (Chrono Boost)  
  77  6:37  Probe x2 (Chrono Boost)  
  80  6:53  Pylon  
  80  6:55  Extended Thermal Lance (Chrono Boost)  
  80  6:57  Colossus (Chrono Boost)  
  80  7:00  Probe  
  85  7:02  Zealot, Stalker  
  85  7:03  Pylon, Zealot x2  
  93  7:19  Gateway  
  93  7:21  Probe, Gateway  
  90  7:24  Photon Cannon  
  90  7:26  Shield Battery, Stalker x2  
  90  7:27  Zealot, Stalker  
  82  7:36  Colossus (Chrono Boost), Zealot x2  
  78  7:49  Stalker  
  78  7:50  Stalker x2  
  84  7:55  Zealot  
  84  8:06  Zealot, Stalker  
  88  8:19  Cybernetics Core  
  88  8:21  Zealot x2  
  88  8:22  Pylon, Zealot  
  88  8:24  Pylon x2  
  88  8:26  Pylon  
  94  8:31  Zealot x2  
  88  8:40  Zealot  
  88  8:41  Zealot x2  
Show
View Real Time Build Order
Export as new Build Order

iGCoffeeMs Terran - Winner!

Build Orders:  

Get SALT Encoding   

  12  0:00  SCV  
  13  0:12  SCV  
  14  0:17  Supply Depot  
  14  0:24  SCV  
  15  0:39  SCV  
  15  0:40  Barracks  
  16  0:43  Refinery  
  16  0:51  SCV  
  17  1:03  SCV  
  18  1:15  SCV  
  19  1:27  Orbital Command, Marine  
  20  1:41  Command Center  
  20  1:54  Factory  
  20  1:55  SCV  
  21  2:02  Barracks Reactor  
  21  2:07  SCV  
  22  2:09  Supply Depot  
  22  2:16  Bunker  
  22  2:19  SCV  
  23  2:31  SCV  
  24  2:40  Starport  
  24  2:44  Hellion  
  24  2:45  Hellion  
  24  2:49  SCV  
  29  2:53  Orbital Command  
  29  3:02  SCV  
  30  3:06  Hellion  
  30  3:07  Hellion  
  34  3:13  Refinery  
  34  3:15  SCV  
  34  3:17  Medivac  
  37  3:23  SCV  
  38  3:27  SCV  
  39  3:35  Barracks  
  39  3:36  Supply Depot  
  39  3:37  SCV  
  39  3:39  Factory Tech Lab  
  40  3:42  SCV, Marine  
  40  3:43  Marine  
  43  3:49  SCV  
  44  3:56  SCV  
  44  3:59  Siege Tank  
  44  4:00  Supply Depot  
  44  4:01  SCV  
  44  4:02  Marine x2  
  50  4:08  SCV  
  52  4:13  SCV  
  53  4:20  Marine  
  53  4:21  SCV, Marine  
  54  4:26  SCV  
  54  4:27  Engineering Bay  
  54  4:28  Barracks Tech Lab  
  54  4:30  Barracks  
  55  4:33  SCV  
  55  4:36  Siege Tank  
  59  4:40  SCV  
  59  4:43  Refinery  
  59  4:44  Supply Depot  
  60  4:45  SCV  
  60  4:51  Marine  
  62  4:55  Marine  
  62  4:57  Bunker  
  59  5:03  Marine, Stimpack  
  59  5:04  SCV x2  
  60  5:07  Starport Reactor, Supply Depot  
  60  5:11  Marine, Supply Depot  
  60  5:13  Marine  
  62  5:15  Siege Tank  
  62  5:18  SCV x2  
  62  5:19  Barracks Tech Lab  
  62  5:20  Marine  
  68  5:24  Refinery  
  68  5:25  Missile Turret  
  68  5:27  Supply Depot  
  68  5:31  Marine  
  68  5:32  Marine  
  68  5:34  Terran Infantry Weapons Level 1  
  68  5:38  Marine x2  
  70  5:43  SCV x2  
  70  5:45  Combat Shield  
  70  5:49  Marine x2  
  73  5:55  Barracks x2  
  74  5:58  Marine x2  
  74  6:03  Siege Tank  
  79  6:07  Marine  
  80  6:14  Marine, Supply Depot  
  80  6:15  Medivac  
  80  6:16  Marine x2, Medivac  
  87  6:23  Supply Depot  
  87  6:24  SCV x2  
  87  6:25  Marine  
  90  6:35  Siege Tank  
  93  6:46  Barracks Reactor, Barracks Tech Lab, Marauder x2, Marine x2  
  99  6:59  Medivac x2  
  102  7:02  Command Center  
  102  7:05  Supply Depot  
  102  7:12  Marauder x2  
  106  7:17  Marauder  
  108  7:28  Marine  
  105  7:30  Marine x2  
  105  7:34  Marauder x2  
  105  7:38  Marauder  
  105  7:39  Medivac  
  105  7:40  Medivac  
  110  7:54  Marine x4  
  110  7:55  Marauder x2  
  116  7:59  Marine  
  111  8:06  SCV x2  
  111  8:09  Medivac  
  111  8:11  Siege Tank  
  118  8:16  Marauder  
  118  8:17  Marauder x2  
  124  8:21  SCV  
  124  8:23  SCV  
  124  8:34  SCV  
Tags
 
Add a new tag
Caveats
  • Supply blocks, unpowered buildings, or Contaminate may cause inaccurate times.
  • Supply counts are checked every 10 seconds.